 Dungeon Sprint DCSS version bcrawl-1.19.2-6-g6a88ae04c9 (webtiles) character file.

Game seed: 13467711543383535777

65 pasperui the Grappler (level 4, 0/57 HPs)
             Began as a Naga Transmuter on Jan 6, 2020.
             Was an Elder of Cheibriados (penitent).
             Slain by a flying skull (12 damage)
             ... in the Dungeon (Sprint VII: "The Pits").
             The game lasted 00:01:52 (309 turns).

pasperui the Grappler (Naga Transmuter)              Turns: 309, Time: 00:01:52

Health: 0/57       AC:  2    Str: 18    XL:     4   Next: 14%
Magic:  6/7        EV: 10    Int: 14    God:    Cheibriados [*]
Gold:   0          SH:  0    Dex: 11    Spells: 6/7 levels left

rFire    . . .     SeeInvis +     - Unarmed
rCold    . . .     Gourm    .   (no shield)
rNeg     . . .     Faith    .   b - +0 robe
rPois    +         Spirit   .   (no helmet)
rElec    .         Reflect  .   (no cloak)
rCorr    .         Harm     .   (no gloves)
MR       .....     NoTele   +   (no barding)
Stlth    ..........             (no amulet)
HPRegen  0.19/turn              (no ring)
MPRegen  0.10/turn              (no ring)

@: berserking, appendage, very slow
A: large, horns 2, see invisible, deformed body, poison resistance, slowness 2,
slow metabolism 1, spit poison 1, AC +1
a: Spit Poison, End Transformation, Renounce Religion


You were in the Dungeon.
You worshipped Cheibriados.
Cheibriados was demanding penance.
You were not hungry.
You had grown temporary horns.
You visited 1 branch

Inventory:

Missiles
 a - 120 arrows
 p - 10 stones (quivered)
Armour
 b - a +0 robe (worn)
 r - a +3 scale mail
Magical Staves
 q - an uncursed staff of energy
Scrolls
 k - a scroll of blinking
 l - 2 scrolls of vulnerability
 m - 3 scrolls of remove curse
 n - 5 scrolls of amnesia
 o - a scroll of summoning
Potions
 c - 2 potions of invisibility
 d - a potion of lignification
 e - 6 potions of curing
 g - 5 potions of heal wounds
 h - a potion of haste
 i - 4 potions of magic
 j - 2 potions of berserk rage
Comestibles
 f - 9 rations {!d}


   Skills:
 - Level 1.0 Fighting
 - Level 1.9 Dodging
 * Level 8.0 Unarmed Combat
 - Level 2.3 Spellcasting
 - Level 2.3 Transmutations


You had 6 spell levels left.
You knew the following spells:

 Your Spells              Type           Power        Failure   Level  Hunger
a - Beastly Appendage     Tmut           #.....       9%          1    #......

Your spell library contained the following spells:

 Spells                   Type           Power        Failure   Level  Hunger
 Sticks to Snakes         Tmut           #.......     14%         2    ###....
 Spider Form              Tmut/Pois      #..          41%         3    ###....
 Ice Form                 Ice/Tmut       #.......     82%         4    #####..
 Blade Hands              Tmut           #.........   94%         5    ######.


Dungeon Overview and Level Annotations

Branches:
Dungeon (1/1)

Altars:
Ashenzari
Cheibriados
Dithmenos
Elyvilon
Fedhas
Gozag
Hepliaklqana
Kikubaaqudgha
Lugonu
Makhleb
Nemelex Xobeh
Okawaru
Qazlal
Ru
Sif Muna
Trog
Uskayaw
Vehumet
Wu Jian
Xom
Yredelemnul
Zin
The Shining One
Beogh
Jiyva


Innate Abilities, Weirdness & Mutations

You cannot wear boots.
Your serpentine skin is tough. (AC +1)
You have supernaturally acute eyesight. (SInv)
Armour fits poorly on your strangely shaped body.
Your system is resistant to poisons. (rPois)
You cover ground very slowly.
You have a slow metabolism.
You can spit poison.
You have a pair of horns on your head.


Message History

You feel very guilty.
Cheibriados lowers the support of your attributes as your movement quickens. "You will pay for your transgression, mortal!"
Cheibriados forces you to slow down.
You feel mighty! The flying skull closely misses you.
You barely miss the flying skull.
You headbutt the flying skull, but do no damage.
The flying skull barely misses you. The flying skull hits you.
You miss the flying skull. Your headbutt misses the flying skull.
The flying skull hits you!
You hit the flying skull. Your headbutt misses the flying skull.
The flying skull is moderately damaged.
The flying skull hits you!
* * * LOW HITPOINT WARNING * * *
You miss the flying skull.
The flying skull is moderately damaged.
The flying skull hits you.
* * * LOW HITPOINT WARNING * * *
The flying skull hits you!
You die...

##########'##.....
#....')))'.##.....
##########.##.....
#...........'.....
#'#####'#####.....
#.#...#.#[.##.....
#.#...#.#))#####'#
#.#†..).#))##.....
#@##[####))##.....
#z#.....#..##.....
#.#.....#'###...<.
#.#........##.....
#.#........##.....
#'###########.....
#.. ###### #..#
#.##


You could see a flying skull.

Vanquished Creatures
  Jessica (D)
  A gnoll (D)
  A river rat (D)
  2 ufetubi (D)
  An ooze (D)
  A goblin (D)
  A hobgoblin (D)
  A ball python (D)
  A leopard gecko zombie (D)
  A quokka skeleton (D)
11 creatures vanquished.

Notes
Turn   | Place    | Note
-------+----------+-------------------------------------------
     0 | D        | pasperui the Naga Transmuter began the quest for the Orb.
     0 | D        | Reached XP level 1. HP: 18/18 MP: 3/3
    41 | D        | Found a bloodstained altar of Trog.
    41 | D        | Found a shimmering blue altar of Sif Muna.
    41 | D        | Found a viscous altar of Jiyva.
    41 | D        | Found a hazy altar of Hepliaklqana.
    41 | D        | Found an opulent altar of Gozag.
    42 | D        | Found a glowing golden altar of the Shining One.
    42 | D        | Found a glowing silver altar of Zin.
    42 | D        | Found a basalt altar of Yredelemnul.
    42 | D        | Found a shimmering altar of Xom.
    42 | D        | Found an ornate altar of the Wu Jian Council.
    42 | D        | Found a sacrificial altar of Ru.
    42 | D        | Found a stormy altar of Qazlal.
    42 | D        | Found an iron altar of Okawaru.
    42 | D        | Found a sparkling altar of Nemelex Xobeh.
    42 | D        | Found a burning altar of Makhleb.
    42 | D        | Found a blossoming altar of Fedhas.
    42 | D        | Found a white marble altar of Elyvilon.
    42 | D        | Found a shadowy altar of Dithmenos.
    42 | D        | Found a snail-covered altar of Cheibriados.
    43 | D        | Found a radiant altar of Vehumet.
    43 | D        | Found a corrupted altar of Lugonu.
    43 | D        | Found a roughly hewn altar of Beogh.
    44 | D        | Found a hide-covered altar of Uskayaw.
    44 | D        | Found an ancient bone altar of Kikubaaqudgha.
    44 | D        | Found a shattered altar of Ashenzari.
    84 | D        | Became a worshipper of Cheibriados the Contemplative
    99 | D        | Reached skill level 4 in Unarmed Combat
   101 | D        | Reached * piety under Cheibriados
   109 | D        | Reached XP level 2. HP: 21/25 MP: 5/5
   111 | D        | Reached ** piety under Cheibriados
   121 | D        | Reached skill level 5 in Unarmed Combat
   155 | D        | Noticed Jessica
   163 | D        | Reached *** piety under Cheibriados
   163 | D        | Reached skill level 6 in Unarmed Combat
   163 | D        | Reached XP level 3. HP: 10/31 MP: 4/6
   170 | D        | Killed Jessica
   170 | D        | Reached skill level 7 in Unarmed Combat
   297 | D        | Noticed a flying skull
   299 | D        | Reached **** piety under Cheibriados
   304 | D        | Reached skill level 8 in Unarmed Combat
   304 | D        | Reached XP level 4. HP: 25/38 MP: 5/7
   305 | D        | Was placed under penance by Cheibriados
   309 | D        | Slain by a flying skull

Skill      XL: |  1  2  3 |
---------------+----------+-----
Unarmed Combat | 4 6 8 |  8.0
Fighting       | |  1.0
Dodging        | |  1.9
Spellcasting   | |  2.3
Transmutations | |  2.3

Action                   |  1- 3 |  4- 6 || total
-------------------------+-------+-------++-------
Melee: Unarmed           |    29 |     4 ||    33
       Headbutt          |     6 |     1 ||     7
 Cast: Beastly Appendage |     5 |       ||     5
 Abil: Spit Poison       |     3 |       ||     3
  Use: Potion            |     1 |     1 ||     2
Armor: Robe              |     1 |       ||     1
Dodge: Dodged            |    10 |     2 ||    12
